Unix NetHack Version 3.7.0-101 Work-in-progress - last build Mar 4 2024 13:34:30 (3c4ac04b664b9ee0831c739617f054b5b60dbfd1,branch:master). Game began 2024-03-22 20:18:53, ended 2024-03-25 09:37:24. misanthrope, lawful female human Valkyrie ------ |<...-#####------ |....| #.....| -.---- |....| # ##.....| ## # |....| # # --.--- # # ### ################# # ## # -----.-------- # ## # ##.............| # ## # # |............d# --.--# #### # |............|@ |...|# # #####...........`.|eq |...-# ------|--- # # |.............# |...| |...`(...| #### -------------- |....##### |..>.....-## |...| |........| ----- ---------- Misanthrope the Skirmisher St:18/02 Dx:12 Co:17 In:7 Wi:8 Ch:11 Lawful Dlvl:5 $:83 HP:0(30) Pw:6(6) AC:2 Xp:3/78 T:2307 Hungry Latest messages: The engraving on the floor vanishes! You write in the dust with an uncursed forked wand. What do you want to call? [e-hkosuv or ?*] You see here an empty broken chest. You stop. Your dog is in the way! You are beginning to feel hungry. You swap places with your dog. What do you want to eat? [dm or ?*] This lichen corpse tastes okay. You finish eating the lichen corpse. The door opens. You hear the footsteps of a guard on patrol. You hit the paper golem! The paper golem just misses! You hit the paper golem! The paper golem hits! You miss the paper golem. The paper golem hits! You miss the paper golem. The paper golem hits! You destroy the paper golem! l - an unlabeled scroll. m - an unlabeled scroll. m - an unlabeled scroll (2 in total). What do you want to read? [fklmu or ?*] This scroll seems to be blank. Something is written here in the dust. You read: "Elbnrcth". You see here a pair of leather gloves. q - a pair of leather gloves. There is a doorway here. You see here an orange gem. t - an orange gem. You swap places with your dog. You swap places with your dog. You hit the floating eye! You are frozen by the floating eye's gaze! You hear the footsteps of a guard on patrol. You are beginning to feel hungry. The rothe hits! The rothe bites! The rothe bites again! The rothe hits! The rothe bites! The rothe bites again! The rothe hits! The rothe bites! The rothe bites again! You die... Do you want your possessions identified? [ynq] (y) Inventory: Coins ('$') $ - 83 gold pieces Amulets ('"') j - an uncursed amulet of guarding (being worn) Weapons (')') b - an uncursed +0 dagger (alternate weapon; not wielded) a - an uncursed +1 spear (weapon in right hand) Armor ('[') r - an uncursed +0 orcish helm (being worn) q - an uncursed +0 pair of leather gloves c - an uncursed +4 small shield (being worn) Comestibles ('%') d - 5 uncursed food rations Scrolls ('?') f - an uncursed scroll of amnesia m - 2 uncursed scrolls of blank paper l - a cursed scroll of blank paper Spellbooks ('+') u - an uncursed spellbook of cure blindness k - a cursed spellbook of magic missile Potions ('!') e - an uncursed potion of gain ability i - 3 uncursed potions of healing v - an uncursed potion of speed Rings ('=') g - an uncursed -4 ring of increase damage o - an uncursed ring of see invisible Wands ('/') n - an uncursed wand of make invisible (0:3) h - an uncursed wand of speed monster named Col Stl (0:2) s - an uncursed wand of teleportation (0:3) Tools ('(') p - a cursed bag of tricks (0:12) Gems/Stones ('*') t - an uncursed worthless piece of orange glass Misanthrope the Valkyrie's attributes: Background: You were a Skirmisher, a level 3 human Valkyrie. You were lawful, on a mission for Tyr who was opposed by Odin (neutral) and Loki (chaotic). You were right-handed. You were in the Dungeons of Doom, on level 5. You entered the dungeon 2307 turns ago. There was a full moon in effect when your adventure ended. You had 78 experience points, 2 more were needed to attain level 4. Basics: You had 0 out of 30 hit points. You had all 6 energy points (spell power). Your armor class was 2. Your wallet contained 83 zorkmids. Autopickup was off. Final Characteristics: Your strength was 18/02 (limit:18/100). Your dexterity was 12 (limit:18). Your constitution was 17 (limit:18). Your intelligence was 7 (limit:18). Your wisdom was 8 (limit:18). Your charisma was 11 (limit:18). Final Status: You were hungry. You were unencumbered. You were wielding a spear. You had basic skill with spear. Final Attributes: You were piously aligned. You were cold resistant. You were stealthy. You had a small defense bonus (+2). You were guarded. You were lucky. You are dead. Miscellaneous: You never encountered a bones level. Total elapsed playing time was 27 minutes and 48 seconds. Major events: Turn 1: misanthrope the lawful human Valkyrie entered the dungeon 484: entered the Gnomish Mines 1538: attained the rank of Skirmisher (level 3) 2307: killed by a rothe, while frozen by a floating eye's gaze Vanquished creatures: a paper golem a homunculus a rothe 2 wererats an acid blob a coyote a hobbit a giant rat a brown mold a yellow mold a red mold a gnome zombie 3 geckos 7 jackals a fox 3 goblins a sewer rat 2 grid bugs 2 bats 5 lichens 2 kobold zombies 7 newts 46 creatures vanquished. No species were genocided or became extinct. Voluntary challenges: You read items or engraved 10 times. You engraved Elbereth 1 time. You never genocided any monsters. You never polymorphed an object. You never changed form. You used no wishes. Achievements: You entered the Gnomish Mines. You attained the rank of Skirmisher. The Dungeons of Doom: levels 1 to 5 Level 1: Level 2: Stairs down to The Gnomish Mines. Level 3: A fountain, a sink. Level 4: An altar to Tyr, a fountain. Level 5: <- You were here. Final resting place for you, killed by a rothe, while frozen by a floating eye's gaze. The Gnomish Mines: Level 3: Game over: ---------- / \ / REST \ / IN \ / PEACE \ / \ | misanthrope | | 83 Au | | killed by a | | rothe | | | | | | 2024 | *| * * * | * _________)/\\_//(\/(/\)/\//\/|_)_______ Farvel misanthrope the Valkyrie... You died in The Dungeons of Doom on dungeon level 5 with 627 points, and 83 pieces of gold, after 2307 moves. You were level 3 with a maximum of 30 hit points when you died.